 Dungeon Crawl Stone Soup version 0.20.1-1-g8b1a95d (webtiles) character file.

521 Ijustatesigmund the Covert (level 7, -4/36 HPs)
             Began as a Spriggan Assassin on Sept 12, 2017.
             Slain by an ogre
             ... wielding a +0 giant club
              (27 damage)
             ... on level 5 of the Dungeon.
             The game lasted 00:06:50 (4452 turns).

Ijustatesigmund the Covert (Spriggan Assassin)      Turns: 4452, Time: 00:06:51

Health: -4/36      AC:  5    Str:  7    XL:     7   Next: 1%
Magic:  17/17      EV: 22    Int: 12    God:
Gold:   321        SH:  0    Dex: 20    Spells: 6/6 levels left

rFire    . . .     SeeInvis +   a - +5 dagger
rCold    . . .     Gourm    .   (shield restricted)
rNeg     . . .     Faith    .   c - +0 robe
rPois    .         Spirit   .   (helmet restricted)
rElec    .         Reflect  .   d - +2 cloak
rCorr    .         Harm     .   (gloves unavailable)
MR       +....                  (boots unavailable)
Stlth    ++++......             (no amulet)
Regen    0.2/turn               n - ring of magical power
MPRegen  0.2/turn               (no ring)

@: very quick
A: unfitting armour, see invisible, herbivore 3, speed 3, slow metabolism 2
a: no special abilities


You were on level 5 of the Dungeon.
You were hungry.

You visited 1 branch of the dungeon, and saw 5 of its levels.

You collected 321 gold pieces.

Inventory:

Hand Weapons
 a - a +5 dagger (weapon)
 b - a +0 blowgun
 q - a +0 short sword of electrocution
Missiles
 e - 44 poisoned needles
 f - 2 curare-tipped needles
Armour
 c - a +0 robe (worn)
 d - a +2 cloak (worn)
Jewellery
 n - a ring of magical power (left hand)
Wands
 l - a wand of polymorph (12/24)
Scrolls
 i - a scroll of enchant armour
 k - a scroll of magic mapping
 r - a scroll of remove curse
 s - a scroll of blinking
 t - a scroll of recharging
Potions
 h - 4 potions of haste
 m - 2 potions of curing {unknown}
 p - a potion of resistance {unknown}
Comestibles
 g - 2 bread rations
 j - 4 royal jellies
 o - 2 fruits


   Skills:
 + Level 3.1 Fighting
 + Level 4.2 Short Blades
 - Level 2.0 Throwing
 + Level 5.7 Dodging
 - Level 8.5 Stealth


You had 6 spell levels left.
You didn't know any spells.

Dungeon Overview and Level Annotations

Branches:
Dungeon (5/15)             Temple (0/1) D:4

Altars:
Trog


Innate Abilities, Weirdness & Mutations

You are very small and have problems with some larger weapons.
You are too small for most types of armour.
You have supernaturally acute eyesight. (SInv)
You are a herbivore.
You cover ground extremely quickly.
You need consume almost no food.


Message History

The ogre is lightly wounded.
The ogre hits you with a giant club.
You hit the ogre.
The ogre is moderately wounded.
A crimson imp comes into view.
The crimson imp shouts!
You puncture the ogre!
The ogre is heavily wounded.
The ogre misses you.
You barely miss the ogre.
The ogre is heavily wounded.
The ogre hits you with a giant club!
You hit the ogre.
The ogre is severely wounded.
The crimson imp blinks!
The hound completely misses you.
You hit the ogre.
The ogre is almost dead.
The ogre hits you with a giant club!!
Ouch! That really hurt!
You die...

......#......# ####
......#......# ....
......#.##..#####...
.#'####.##..#....#
.#......#...'....#
.#......'...#....#
.+......#...#....#
.#......#...#....#
.#..######..####@#
.#..#
#..##..hO......
.#...
.......#.......
.#... .......
....... .# .......
....... .+ .......
..$.... .# ##.##..
...ยง... .. #. #..
.....## ...


You could see an ogre and a hound.

Vanquished Creatures
  The ghost of Ijustatesigmund the Sneak, a novice SpAs (D:5)
  An ogre (D:4)
  A bullfrog zombie (D:5)
  3 worker ants (D:4)
  3 adders
  An ooze (D:2)
  A worm (D:2)
  A dart slug (D:1)
  16 orcs
  2 giant cockroaches
  9 goblins
  4 hobgoblins
  2 jackals (D:1)
  2 quokkas
  A ball python (D:2)
  2 bats (D:1)
  3 frilled lizards
  5 kobolds
  A leopard gecko skeleton (D:4)
  3 leopard gecko zombies (D:5)
  3 rats
65 creatures vanquished.

Vanquished Creatures (others)
  A wizard (D:3)
1 creature vanquished.

Grand Total: 66 creatures vanquished

Notes
Turn   | Place    | Note
-------+----------+-------------------------------------------
     0 | D:1      | Ijustatesigmund the Spriggan Assassin began the quest for the Orb.
     0 | D:1      | Reached XP level 1. HP: 10/10 MP: 2/2
    59 | D:1      | Reached skill level 6 in Stealth
   346 | D:1      | Reached XP level 2. HP: 14/14 MP: 3/3
   950 | D:2      | Found a faded altar of an unknown god.
  1065 | D:2      | Reached skill level 7 in Stealth
  1105 | D:2      | Reached XP level 3. HP: 18/18 MP: 4/4
  1545 | D:2      | Found a bloodstained altar of Trog.
  1750 | D:3      | Found a bloodstained altar of Trog.
  2840 | D:3      | Reached skill level 8 in Stealth
  2851 | D:3      | Reached XP level 4. HP: 12/22 MP: 5/5
  3322 | D:4      | Reached XP level 5. HP: 26/26 MP: 6/6
  3514 | D:4      | Found a staircase to the Ecumenical Temple.
  3538 | D:4      | Noticed an ogre
  3541 | D:4      | Killed an ogre
  3841 | D:3      | Noticed a wizard
  3844 | D:3      | Killed a wizard
  3956 | D:4      | Reached XP level 6. HP: 29/32 MP: 7/7
  4250 | D:5      | Entered Level 5 of the Dungeon
  4262 | D:5      | Noticed Ijustatesigmund's ghost (novice SpAs)
  4287 | D:5      | Killed Ijustatesigmund's ghost
  4287 | D:5      | Reached skill level 5 in Dodging
  4351 | D:5      | Reached XP level 7. HP: 31/36 MP: 8/8
  4452 | D:5      | Slain by an ogre

Skill      XL: |  1  2  3  4  5  6 |
---------------+-------------------+-----
Stealth        | 6 7 8 |  8.5
Dodging        | 2 3 4 5 |  5.7
Fighting       | 2 3 |  3.1
Short Blades   | 3 4 |  4.2
Throwing       | |  2.0

Action                   |  1- 3 |  4- 6 |  7- 9 || total
-------------------------+-------+-------+-------++-------
Melee: Dagger            |   131 |    91 |    12 ||   234
 Fire: Blowgun           |     3 |       |       ||     3
  Use: Scroll            |     9 |     5 |       ||    14
 Stab: Sleeping          |    15 |     9 |       ||    24
Armor: Robe              |    22 |     9 |       ||    31
Dodge: Dodged            |    91 |    54 |     5 ||   150
